 Dungeon Crawl Stone Soup version 0.29.1-1-gd02db6906a (webtiles) character file.

Game seed: 14515387796977908190

475 xian the Chopper (level 6, -1/52 HPs)
             Began as a Minotaur Warper on Oct 18, 2022.
             Was a Priest of Fedhas.
             Slain by a gnoll
             ... wielding a +0 spear
             ... led by a gnoll sergeant
              (6 damage)
             ... on level 4 of the Dungeon.
             The game lasted 00:11:42 (5800 turns).

xian the Chopper (Minotaur Warper)                  Turns: 5800, Time: 00:11:43

Health: -1/52      AC:  3    Str: 18    XL:     6   Next: 84%
Magic:  16/16      EV: 16    Int: 10    God:    Fedhas [***...]
Gold:   155        SH:  0    Dex:  9    Spells: 6/8 levels left

rFire   . . .      SeeInvis .   a - +0 hand axe
rCold   . . .      Faith    +   (no shield)
rNeg    . . .      Spirit   .   b - +0 leather armour
rPois   .          Reflect  .   (helmet restricted)
rElec   .          Harm     .   (no cloak)
rCorr   .          Rampage  .   (no gloves)
Will    .....                   (no boots)
Stlth   +.........              o - amulet of faith
HPRegen 0.17/turn               l - ring of magical power
MPRegen 0.15/turn               w - +4 ring of evasion

@: no status effects
A: horns 2, retaliatory headbutt
a: Renounce Religion, Wall of Briars, Grow Ballistomycete


You were on level 4 of the Dungeon.
You worshipped Fedhas.
Fedhas was most pleased with you.
You visited 1 branch of the dungeon, and saw 4 of its levels.

You collected 155 gold pieces.

Inventory:

Hand Weapons
 a - a +0 hand axe (weapon)
Missiles
 d - 7 boomerangs of dispersal (quivered)
 f - 4 stones
 y - 2 boomerangs
Armour
 b - a +0 leather armour (worn)
 k - a +0 plate armour
Jewellery
 l - a ring of magical power (left hand)
 o - an amulet of faith (around neck)
 w - a +4 ring of evasion (right hand)
 x - a ring of fire
Scrolls
 c - 4 scrolls of blinking
 e - a scroll of torment {unknown}
 g - 3 scrolls of identify
 j - 2 scrolls of fear {unknown}
 n - 2 scrolls of amnesia {unknown}
 p - a scroll of enchant weapon {unknown}
 q - 3 scrolls of poison
 r - a scroll of butterflies {unknown}
Potions
 h - a potion of resistance {unknown}
 i - 2 potions of heal wounds
 m - a potion of flight {unknown}
 s - 2 potions of curing
 t - a potion of haste {unknown}
 v - a potion of lignification {unknown}


   Skills:
 + Level 3.9 Fighting
 + Level 5.9 Axes
 + Level 1.5 Throwing
 + Level 3.4 Armour
 + Level 3.1 Dodging
 + Level 0.8 Stealth
 + Level 1.7 Spellcasting
 + Level 2.8 Translocations


You had 6 spell levels left.
You knew the following spells:

 Your Spells              Type           Power      Damage    Failure   Level
a - Blink                 Tloc           12%        N/A       19%         2

Your spell library contained the following spells:

 Spells                   Type           Power      Damage    Failure   Level
 Gell's Gravitas          Tloc           6%         N/A       34%         3
 Lesser Beckoning         Tloc           6%         N/A       34%         3
 Teleport Other           Tloc           6%         N/A       34%         3
 Freeze                   Ice            0%         1d3       36%         1
 Magic Dart               Conj           0%         1d3       36%         1
 Call Imp                 Summ           0%         N/A       50%         2
 Dazzling Flash           Conj/Hex       0%         N/A       75%         3
 Frozen Ramparts          Ice            0%         1d1       75%         3
 Mephitic Cloud           Conj/Pois/Air  0%         N/A       75%         3
 Manifold Assault         Tloc           6%         N/A       97%         5
 Hailstorm                Conj/Ice       0%         3d3       98%         4
 Agony                    Necr           0%         N/A       100%        5
 Silence                  Hex/Air        0%         N/A       100%        5


Dungeon Overview and Level Annotations

Branches:
Dungeon (4/15)
 Temple: D:4-7

Altars:
Fedhas
Yredelemnul

Shops:
D:1 :   D:4 :


Innate Abilities, Weirdness & Mutations

You have a pair of horns on your head.
You reflexively headbutt those who attack you in melee.


Message History

The gnoll sergeant is moderately wounded.
You closely miss the gnoll. The gnoll sergeant closely misses you.
You furiously retaliate!
You headbutt the gnoll sergeant! The gnoll misses you.
You slash the gnoll sergeant!
The gnoll sergeant is almost dead.
You hit the gnoll. The gnoll hits you with a +0 club.
You closely miss the gnoll sergeant.
The gnoll sergeant is almost dead.
You hit the gnoll.
The gnoll sergeant hits you with a +2 vorpal spear!
* * * LOW HITPOINT WARNING * * *
x2 The gnoll barely misses you.
You furiously retaliate!
You headbutt the gnoll.
Unknown command.
You hit the gnoll sergeant.
You kill the gnoll sergeant!
Fedhas appreciates your contribution to the ecosystem.
You barely miss the gnoll. The gnoll misses you. You furiously retaliate!
You headbutt the gnoll.
Unknown command.
The gnoll shouts!
You hit the gnoll.
You kill the gnoll!
Fedhas appreciates your contribution to the ecosystem.
Unknown command.
Things that are here:
a +2 vorpal spear; a +0 scale mail; a +0 kite shield The gnoll hits you with a +0 spear.
* * * LOW HITPOINT WARNING * * *
Things that are here:
a +0 club; a gnoll corpse You hit the gnoll but do no damage.
The gnoll hits you with a +0 spear.
* * * LOW HITPOINT WARNING * * *
You hit the gnoll.
The gnoll is lightly wounded.
The gnoll closely misses you.
You barely miss the gnoll.
The gnoll is lightly wounded.
The gnoll hits you with a +0 spear.
You die...
Fedhas appreciates your contribution to the ecosystem.

#.#.# #...##.#...........##.#
#.#.# #...# .#.#######.#.##.#
#.#.# #...# .#.# #.#.##.# #.#.###
#...# .#.# #.....)#
#.#.#.####...##.#.# #.#.#####
#............#..#.# #.#...†..
#......###.#.#.##'#### #.#...###
#............#.#.....####.#...###
..............(g@).........>###.[
#.#.#.#.#.####.#.....####.###...#
.<..#.#.#.####.#.....# ##.##..###
............##.#.....# #..#..##..
###g).......##.#.....# #.##.##...
# #.#..........##.######.#..#....
# #.###.###.#####.# #..#.##...# #
#)# #...........# #.##.#...## #
#g# ######§.##### #.#..#.###.


You could see a gnoll.

Vanquished Creatures
  A sky beast (D:3)
  A bullfrog (D:4)
  A gnoll sergeant (D:4)
  2 orc priests (D:4)
  Natasha (D:4)
  3 gnolls (D:4)
  5 adders
  An ufetubus (D:4)
  2 worms
  4 dart slugs
  3 orcs
  8 ball pythons
  4 bats
  7 endoplasms
  3 giant cockroaches
  6 goblins
  4 hobgoblins
  9 jackals
  5 quokkas
  5 frilled lizards
  7 kobolds
  2 rats
84 creatures vanquished.

Notes
Turn   | Place    | Note
-------+----------+-------------------------------------------
     0 | D:1      | xian the Minotaur Warper began the quest for the Orb.
     0 | D:1      | Reached XP level 1. HP: 18/18 MP: 1/1
   471 | D:1      | Reached XP level 2. HP: 24/25 MP: 3/3
   733 | D:1      | Found a faded altar of an unknown god.
   762 | D:1      | Prayed at the altar of an unknown god.
   762 | D:1      | Became a worshipper of Fedhas Madash
   762 | D:1      | Reached * piety under Fedhas
   832 | D:1      | Found Urick's Book Shop.
   883 | D:2      | Reached XP level 3. HP: 23/30 MP: 4/4
  1292 | D:2      | Reached skill level 3 in Axes
  1444 | D:2      | Found a basalt altar of Yredelemnul.
  1460 | D:2      | Reached XP level 4. HP: 11/38 MP: 5/5
  2106 | D:2      | Reached ** piety under Fedhas
  3383 | D:3      | Learned a level 2 spell: Blink
  3439 | D:4      | Noticed Natasha
  3449 | D:4      | Killed Natasha
  3450 | D:4      | Reached skill level 4 in Axes
  3450 | D:4      | Found Racker's Book Emporium.
  3615 | D:4      | HP: 1/38 [jackal (3)]
  3645 | D:3      | Reached XP level 5. HP: 4/45 MP: 6/6
  4166 | D:4      | Reached skill level 5 in Axes
  4198 | D:4      | Noticed a sky beast
  4501 | D:3      | HP: 2/45 [sky beast (5)]
  4502 | D:3      | Killed a sky beast
  4503 | D:3      | Reached XP level 6. HP: 2/51 MP: 7/7
  5015 | D:4      | Reached *** piety under Fedhas
  5800 | D:4      | Slain by a gnoll

Illustrated notes

Levels and vault maps discovered:
D:1:      dpeg_arrival_simpleton_c, layout_rooms,
          chequers_ecumenical_altar_simple_redux, serial_shops,
          nicolae_shop_waterfront
D:2:      layout_basic, basic_altar
D:3:      layout_basic, st_stairs_4
D:4:      minmay_evil_eye, layout_basic, nicolae_inconvenience_store,
          uniq_natasha

Skill      XL: |  1  2  3  4  5  6 |
---------------+-------------------+-----
Fighting       | 3 |  3.9
Axes           | 3 4 5 |  5.9
Armour         | 2 3 |  3.4
Dodging        | 3 |  3.1
Throwing       | |  1.5
Stealth        | |  0.8
Spellcasting   | |  1.7
Translocations | |  2.8

Action                   |  1- 3 |  4- 6 || total
-------------------------+-------+-------++-------
Melee: Hand axe          |    82 |   190 ||   272
       Headbutt          |     8 |    22 ||    30
       Punch             |     1 |       ||     1
Throw: Stone             |    22 |    20 ||    42
       Dart              |       |     6 ||     6
 Cast: Blink             |       |     2 ||     2
  Use: Scroll            |       |     1 ||     1
       Potion            |       |     3 ||     3
Armor: Leather armour    |    19 |    38 ||    57
Dodge: Dodged            |    64 |   178 ||   242
